 Dungeon Crawl Stone Soup version 0.28-a0-695-gff097466f2 (webtiles) character file.

Game seed: 10554162898668119652

6936 kae the Martial Artist (level 10, -2/97 HPs)
             Began as a Red Draconian Transmuter on Oct 22, 2021.
             Was an Initiate of Ru.
             Slain by a troll (7 damage)
             ... on level 9 of the Dungeon.
             The game lasted 00:11:31 (14670 turns).

kae the Martial Artist (Red Draconian Transmuter)  Turns: 14670, Time: 00:11:31

Health: -2/97      AC:  8    Str: 15    XL:     10   Next: 80%
Magic:  10/13      EV: 11    Int: 17    God:    Ru [......]
Gold:   547        SH:  0    Dex: 15    Spells: 5/13 levels left

rFire   x . .      SeeInvis .     - Unarmed
rCold   + + +      Faith    .   (shield currently unavailable)
rNeg    . . .      Spirit   .   (armour unavailable)
rPois   +          Reflect  .   (helmet currently unavailable)
rElec   .          Harm     .   (cloak currently unavailable)
rCorr   +          Rampage  .   (gloves currently unavailable)
Will    +....                   (boots currently unavailable)
Stlth   +.........              (no amulet)
HPRegen 0.26/turn               l - ring of poison resistance
MPRegen 0.13/turn               m - ring "Feulyol" {Will+ rCorr Str+3 Dex+3}

@: ice-form, studying Long Blades
A: freezing attack, amphibious, boosted hp, (breathe fire), AC +7, large,
unfitting armour, (fire resistance 1), (cold-blooded)
a: End Transformation, Renounce Religion


You were on level 9 of the Dungeon.
You worshipped Ru.
Ru was noncommittal.
You were a creature of crystalline ice.
You visited 2 branches of the dungeon, and saw 10 of its levels.

You collected 547 gold pieces.

Inventory:

Jewellery
 f - a ring of fire
 k - a ring of protection from cold
 l - a ring of poison resistance (left front paw)
 m - the ring "Feulyol" (right front paw) {Will+ rCorr Str+3 Dex+3}
   (You acquired it on level 6 of the Dungeon)

   [ring of resist corrosion]

   Str:       It affects your strength (+3).
   Dex:       It affects your dexterity (+3).
   rCorr:     It protects you from acid and corrosion.
   Will:      It increases your willpower.
 n - a ring of flight
Wands
 g - a wand of digging (13)
 h - a wand of iceblast (43)
 q - a wand of polymorph (11)
 s - a wand of flame (12)
 t - a wand of acid (6)
Scrolls
 j - 4 scrolls of teleportation
Potions
 a - 2 potions of haste
 b - a potion of attraction
 c - 2 potions of heal wounds
 d - 3 potions of curing
 e - 3 potions of flight
 i - 2 potions of mutation
 o - a potion of brilliance
 p - 2 potions of lignification
 r - a potion of might {unknown}


   Skills:
 + Level 5.1 Fighting
 + Level 4.6 Dodging
 * Level 10.3 Unarmed Combat
 - Level 2.0 Spellcasting
 - Level 10.0 Transmutations
 - Level 5.0 Ice Magic
 - Level 2.0 Poison Magic


You had 5 spell levels left.
You knew the following spells:

 Your Spells              Type           Power      Damage    Failure   Level
a - Beastly Appendage     Tmut           70%        N/A       1%          1
b - Spider Form           Tmut/Pois      11%        N/A       4%          3
c - Ice Form              Ice/Tmut       27%        N/A       9%          4

Your spell library contained the following spells:

 Spells                   Type           Power      Damage    Failure   Level
 Wereblood                Tmut           35%        N/A       1%          2
 Ensorcelled Hibernation  Hex/Ice        20%        N/A       11%         2
 Foxfire                  Conj/Fire      4%         2x1d4     19%         1
 Slow                     Hex            1%         N/A       28%         2
 Confusing Touch          Hex            1%         N/A       50%         3
 Conjure Flame            Conj/Fire      1%         6-21      50%         3
 Inner Flame              Hex/Fire       1%         N/A       50%         3
 Tukima's Dance           Hex            1%         N/A       50%         3
 Yara's Violent Unravell  Hex/Tmut       9%         3d6       56%         5
 Flame Wave               Conj/Fire      1%         3d3       88%         4
 Fulminant Prism          Conj/Hex       0%         3d6       88%         4
 Iskenderun's Mystic Bla  Conj/Tloc      1%         2d3       88%         4
 Passage of Golubria      Tloc           1%         N/A       88%         4
 Lee's Rapid Deconstruct  Erth           0%         3d5*      99%         5


Dungeon Overview and Level Annotations

Branches:
Dungeon (9/15)             Temple (1/1) D:4            Lair (0/6) D:8
    Orc: D:9-12

Altars:
Ashenzari
Cheibriados
Dithmenos
Elyvilon
Fedhas
Gozag
Hepliaklqana
Kikubaaqudgha
Makhleb
Nemelex Xobeh
Okawaru
Qazlal
Ru
Trog
Uskayaw
Vehumet
Wu Jian
Xom
Yredelemnul
Zin
The Shining One

Shops:
D:1 ?

Annotations:
D:4 1 runed translucent door, askman's ghost, amateur DsFi
D:7 2 transporters, Megustar's ghost, novice DEFE


Innate Abilities, Weirdness & Mutations

You are a creature of crystalline ice.
You have a powerful freezing melee attack.
You are amphibious.
Your maximum health is increased.
Your armour is entirely melded.
You are incapable of wielding weapons or throwing items.
((You can breathe blasts of fire.))
((Your fiery red scales are hard. (AC +7)))
You cannot fit into any form of body armour.
((Your flesh is heat resistant. (rF+)))
((You are cold-blooded and may be slowed by cold attacks.))


Message History

The centaur hits you but does no damage.
The centaur kicks you but does no damage.
The troll bites you. The troll claws you but does no damage.
The troll claws you.
You hit the troll. You freeze the troll.
The troll is lightly wounded.
The centaur misses you. The centaur closely misses you. The troll bites you!
The troll claws you. The troll misses you. The centaur closely misses you. x2
You barely miss the troll.
The troll is lightly wounded.
The centaur hits you but does no damage.
The centaur kicks you but does no damage.
The troll bites you but does no damage. The troll barely misses you.
The troll closely misses you.
You hit the troll. You freeze the troll.
The troll is moderately wounded.
The centaur closely misses you.
The centaur kicks you but does no damage.
You hit the troll. You freeze the troll.
The troll is heavily wounded.
The troll bites you but does no damage. The troll barely misses you.
The troll closely misses you.
The centaur hits you but does no damage.
The centaur kicks you.
You completely miss the troll.
The troll is heavily wounded.
The centaur hits you but does no damage.
The centaur misses you. The troll bites you!
* * * LOW HITPOINT WARNING * * *
The troll claws you!
* * * LOW HITPOINT WARNING * * *
The troll claws you.
* * * LOW HITPOINT WARNING * * *
You hit the troll. You freeze the troll.
The troll is heavily wounded.
The centaur hits you.
* * * LOW HITPOINT WARNING * * *
The centaur kicks you but does no damage.
The troll closely misses you. The troll claws you!
You die...

.....###.........
.........#########
..######..........
..# #.........#
.## #.........# #
## ####......####
.#
######....#.##..#
####......#
#Y....###
......Tc#...#
...............
.....#..........
###..#####.#....
#.. .###.. ... ..
#. .## #


You could see a troll and a centaur.

Vanquished Creatures
  Pikel (D:6)
  Joseph (D:8)
  Maggie (D:6)
  A komodo dragon (D:8)
  Sigmund (D:6)
  5 yaks (D:8)
  A shadow (D:9)
  4 wyverns
  2 basilisks (D:8)
  2 steam dragons
  3 water moccasins
  A swamp drake (D:8)
  3 sky beasts
  An ice beast (D:5)
  2 black bears (D:6)
  5 ogres
  4 centaurs
  A phantom (D:7)
  A lemure (D:6)
  4 kobold brigands
  2 bullfrogs (D:8)
  A scorpion (D:6)
  A water moccasin zombie (D:7)
  A water moccasin skeleton (D:4)
  6 killer bees (D:8)
  2 centaur zombies (D:9)
  2 bullfrog skeletons (D:6)
  4 hounds
  2 jellies (D:8)
  4 orc priests
  A centaur skeleton (D:5)
  4 iguanas
  Ijyb (D:2)
  3 orc wizards
  A howler monkey zombie (D:6)
  Robin (D:4)
  3 gnolls (D:3)
  7 adders
  A shadow imp (D:8)
  A white imp (D:6)
  2 ufetubi (D:5)
  5 worms
  A dart slug (D:1)
  20 orcs
  5 endoplasms
  2 giant cockroaches (D:1)
  28 goblins
  9 hobgoblins
  7 jackals
  3 quokkas
  11 ball pythons
  4 bats
  3 frilled lizards
  18 kobolds
  6 rats
216 creatures vanquished.

Vanquished Creatures (others)
  A wizard (D:6)
  An orc wizard (D:6)
  21 plants (D:5)
23 creatures vanquished.

Grand Total: 239 creatures vanquished

Notes
Turn   | Place    | Note
-------+----------+-------------------------------------------
     0 | D:1      | kae the Draconian Transmuter began the quest for the Orb.
     0 | D:1      | Reached XP level 1. HP: 16/16 MP: 3/3
   224 | D:1      | Reached XP level 2. HP: 23/23 MP: 3/5
   584 | D:1      | Found a faded altar of an unknown god.
   785 | D:1      | Found Fojus's Magic Scroll Shoppe.
   916 | D:1      | Reached XP level 3. HP: 27/28 MP: 6/6
   920 | D:1      | Learned a level 3 spell: Spider Form
  1723 | D:2      | Reached skill level 1 in Poison Magic
  2297 | D:2      | Reached XP level 4. HP: 27/35 MP: 7/7
  3193 | D:3      | Noticed Ijyb
  3324 | D:2      | Killed Ijyb
  3484 | D:3      | Reached XP level 5. HP: 33/40 MP: 4/8
  3502 | D:2      | Learned a level 4 spell: Ice Form
  4098 | D:3      | Found a broken altar of Ashenzari.
  4134 | D:3      | Found a shadowy altar of Dithmenos.
  4137 | D:3      | Found an ancient bone altar of Kikubaaqudgha.
  4137 | D:3      | Found a glowing silver altar of Zin.
  4264 | D:4      | Reached skill level 1 in Ice Magic
  4279 | D:4      | Noticed Robin
  4289 | D:4      | Killed Robin
  4538 | D:4      | Reached XP level 6. HP: 27/47 MP: 9/9
  4778 | D:4      | Found a staircase to the Ecumenical Temple.
  4905 | D:4      | Reached skill level 5 in Transmutations
  5513 | D:4      | Found a runed translucent door.
  5515 | D:4      | Noticed askman's ghost (amateur DsFi)
  5526 | D:5      | Entered Level 5 of the Dungeon
  5534 | D:5      | Your scales start taking on a fiery red colour.
  5534 | D:5      | Reached XP level 7. HP: 49/52 MP: 6/10
  5534 | D:5      | Gained mutation: Your flesh is heat resistant. (rF+) [Red
                  | Draconian growth]
  6427 | D:5      | Reached skill level 5 in Unarmed Combat
  7181 | D:5      | Reached XP level 8. HP: 21/59 MP: 8/11
  7538 | D:6      | Identified a scroll of acquirement
  7538 | D:6      | Acquired the ring "Feulyol" {Will+ rCorr Str+3 Dex+3}
  8486 | D:5      | Reached skill level 5 in Ice Magic
  9291 | D:6      | Reached XP level 9. HP: 64/64 MP: 7/12
  9601 | D:6      | Noticed Sigmund
  9610 | D:6      | Killed Sigmund
  9733 | D:6      | Noticed Maggie
  9743 | D:6      | Killed Maggie
 10139 | D:6      | Found a bloodstained altar of Trog.
 10139 | D:6      | Noticed Pikel
 10157 | D:6      | Killed Pikel
 10326 | D:6      | Noticed a wizard
 10328 | D:6      | Killed a wizard
 10450 | D:7      | Found a transporter.
 10450 | D:7      | Noticed Megustar's ghost (novice DEFE)
 10459 | D:7      | Found a transporter.
 10497 | D:7      | Reached skill level 10 in Transmutations
 11221 | D:7      | You fall into a shaft and drop 1 floor!
 11460 | D:8      | Reached XP level 10. HP: 74/74 MP: 9/13
 11747 | D:8      | Noticed Joseph
 12746 | D:8      | Killed Joseph
 12983 | Temple   | Entered the Ecumenical Temple
 13118 | Temple   | Became a worshipper of Ru the Awakened
 13867 | D:8      | Reached skill level 10 in Unarmed Combat
 14050 | D:8      | Found a staircase to the Lair.
 14080 | D:8      | Reached skill level 5 in Fighting
 14589 | D:9      | Identified the +8 chain mail of Thoughtfulness {rC+++
                  | Will++ MP+9}
 14670 | D:9      | Slain by a troll

Illustrated notes

Levels and vault maps discovered:
D:1:      tarquinn_simple_flora_water_a, layout_basic,
          dreamdust_ecumenical_altar_grove, serial_shops, shop,
          chequers_serial_rivers_large_a, fountainhead,
          chequers_serial_rivers_micro_a
D:2:      layout_basic, minmay_vboxes
D:3:      kennysheep_the_goblin_king, layout_basic,
          gammafunk_temple_overflow_forgotten, lemuel_round_altar
D:4:      layout_basic, minmay_temple_entry_statues_pillars,
          ebering_ghost_inner_flame, uniq_robin
D:5:      wad_lake_hut, layout_basic
D:6:      layout_basic, trog_wizard, minmay_misc_feat_chi, minmay_starry_boxes,
          uniq_maggie, uniq_sigmund, uniq_pikel
D:7:      layout_loops_ring, gammafunk_ghost_arena, lightli_orcish_oven
D:8:      layout_loops_ring, erik_lair_dragon, grunt_decor_mini_mirrors,
          minmay_manual_mullet, uniq_joseph
D:9:      layout_rooms, mainiacjoe_overflow_concentric_impassable,
          david_orc_1_choice, serial_curves, eino_curves_04, eino_curves_01,
          eino_curves_01, eino_curves_03, minmay_diced_spiral
Temple:   compressed_dpeg_circular_temple

Skill      XL: |  1  2  3  4  5  6  7  8  9 10 |
---------------+-------------------------------+-----
Transmutations | 3 4 5 6 8 10 | 10.0
Poison Magic   | 1 2 |  2.0
Unarmed Combat | 4 5 6 8 10 | 10.3
Ice Magic      | 1 2 3 5 |  5.0
Dodging        | 2 4 |  4.6
Fighting       | 2 5 |  5.1
Spellcasting   | |  2.0

Action                   |  1- 3 |  4- 6 |  7- 9 | 10-12 || total
-------------------------+-------+-------+-------+-------++-------
Melee: Unarmed           |   145 |   169 |   246 |   136 ||   696
       Kick              |    18 |    10 |       |       ||    28
       Headbutt          |    15 |    12 |       |       ||    27
       Tailslap          |     7 |    14 |     7 |     2 ||    30
       Punch             |     2 |     2 |     1 |     1 ||     6
 Cast: Beastly Appendage |    30 |    17 |       |       ||    47
       Spider Form       |       |    12 |    12 |       ||    24
       Ice Form          |       |       |    24 |    12 ||    36
 Abil: Breathe Fire      |       |       |    15 |     5 ||    20
Evoke: Wand              |       |     1 |       |       ||     1
  Use: Scroll            |     4 |     3 |    11 |     2 ||    20
 Stab: Sleeping          |     1 |     2 |     2 |       ||     5
Armor: Skin              |    58 |    29 |    70 |    57 ||   214
Dodge: Dodged            |   117 |   108 |   177 |    93 ||   495

Table legend: (Time is in decaauts)
 A = Elapsed time spent in this place.
 B = Non-inter-level travel time spent in this place.
 C = Inter-level travel time spent in this place.
 D = Time resting spent in this place.
 E = Time spent auto-exploring this place.
 F = Levels seen in this place.
 G = Mean time per level.
                   A        B        C        D        E       F      G
               +--------+--------+--------+--------+--------+-----+--------+
         Total |  14691 |  14124 |    567 |    890 |  11384 |  10 | 1469.1 |
       Dungeon |  14544 |  13987 |    557 |    890 |  11269 |   9 | 1616.0 |
        Temple |    146 |    136 |     10 |      0 |    115 |   1 |  146.0 |
               +--------+--------+--------+--------+--------+-----+--------+

Top non-repeatable levels by time:
     D:5: 2347 daAuts
     D:6: 2161 daAuts
     D:7: 1855 daAuts
     D:8: 1731 daAuts
     D:4: 1632 daAuts
     D:1: 1607 daAuts
     D:3: 1411 daAuts
     D:2: 1404 daAuts
     D:9: 395 daAuts
  Temple: 146 daAuts
